 Dungeon Crawl Stone Soup version 0.28.0-47-ge53b351184 (webtiles) character file.

Game seed: 4612559652113918100

6440 Kenran the Grappler (level 10, -1/79 HPs)
             Began as a Palentonga Monk on Apr 26, 2022.
             Was a Priest of Hepliaklqana.
             Slain by an orc warrior
             ... wielding a +0 hand axe
              (9 damage)
             ... on level 9 of the Dungeon.
             The game lasted 00:22:14 (12991 turns).

Kenran the Grappler (Palentonga Monk)              Turns: 12991, Time: 00:22:15

Health: -1/79      AC: 22    Str: 18    XL:     10   Next: 67%
Magic:  13/13      EV:  4    Int: 11    God:    Hepliaklqana [***...]
Gold:   471        SH:  6    Dex: 19    Spells: 9/9 levels left

rFire   + . .      SeeInvis +     - Unarmed
rCold   . . .      Faith    .   E - +0 buckler
rNeg    . . .      Spirit   .   m - +0 plate armour {rPois}
rPois   +          Reflect  .   h - +0 helmet
rElec   .          Harm     .   C - +2 cloak {Will+}
rCorr   .          Rampage  .   (no gloves)
Will    +....                   (no barding)
Stlth   ..........              B - amulet of the acrobat
HPRegen 0.23/turn               D - ring of protection from fire
MPRegen 0.13/turn               o - +6 ring of dexterity

@: studying 2 skills, curled up
A: reduced essence, large, rugged brown scales 3, see invisible, deformed body,
roll 1, armoured tail, reflexive curl
a: Rolling Charge, Renounce Religion, Recall Ancestor, Ancestor Identity,
Transference


You were on level 9 of the Dungeon.
You worshipped Hepliaklqana.
Hepliaklqana was most pleased with you.
You visited 2 branches of the dungeon, and saw 10 of its levels.
You also visited: Ossuary.

You collected 471 gold pieces.

Inventory:

Missiles
 l - 8 boomerangs
 n - 13 poisoned darts
 G - a curare-tipped dart
Armour
 h - a +0 helmet (worn)
 m - a +0 plate armour of poison resistance (worn)
 C - a +2 cloak of willpower (worn)
 E - a +0 buckler (worn)
Jewellery
 o - a +6 ring of dexterity (right hand)
 r - a ring of flight
 B - an amulet of the acrobat (around neck)
 D - a ring of protection from fire (left hand)
Wands
 a - a wand of polymorph (7)
 g - a wand of flame (22)
 H - a wand of paralysis (6)
Scrolls
 b - a scroll of blinking
 c - 11 scrolls of teleportation
 d - a scroll of enchant armour
 f - a scroll of summoning
 j - 2 scrolls of immolation
 k - a scroll of torment {unknown}
 p - 2 scrolls of identify
 v - 2 scrolls of amnesia
 x - a scroll of enchant weapon
 y - 3 scrolls of silence
 A - a scroll of fear
 F - a scroll of fog
Potions
 e - 3 potions of curing
 i - 2 potions of heal wounds
 q - a potion of might {unknown}
 s - a potion of flight {unknown}
 t - a potion of mutation {unknown}
 u - a potion of lignification {unknown}
 w - 2 potions of haste {unknown}
 z - a potion of magic {unknown}


   Skills:
 + Level 8.4 Fighting
 + Level 5.9 Armour
 - Level 2.4 Dodging
 - Level 1.2 Stealth
 - Level 5.0 Shields
 + Level 11.3 Unarmed Combat
 - Level 5.0 Invocations


You had 9 spell levels left.
You didn't know any spells.
Your spell library contained the following spells:

 Spells                   Type           Power      Damage    Failure   Level
 Conjure Flame            Conj/Fire      0%         6-21      100%        3
 Gell's Gravitas          Tloc           0%         N/A       100%        3
 Ignite Poison            Fire/Tmut/Pois 0%         N/A       100%        3
 Teleport Other           Tloc           0%         N/A       100%        3
 Airstrike                Air            0%         N/A       100%        4
 Sticky Flame             Conj/Fire      0%         2d3       100%        4
 Summon Lightning Spire   Summ/Air       0%         N/A       100%        4
 Lightning Bolt           Conj/Air       0%         1d11      100%        5
 Dispersal                Tloc           0%         N/A       100%        6


Dungeon Overview and Level Annotations

Branches:
Dungeon (9/15)             Temple (1/1) D:6             Orc (0/2) D:9
Ossuary (visited)
   Lair: D:8-11

Altars:
Ashenzari
Cheibriados
Dithmenos
Elyvilon
Fedhas
Gozag
Hepliaklqana
Kikubaaqudgha
Makhleb
Nemelex Xobeh
Okawaru
Qazlal
Ru
Sif Muna
Uskayaw
Vehumet
Wu Jian
Xom
Zin
The Shining One

Annotations:
D:3 exclusion: door


Innate Abilities, Weirdness & Mutations

Your life essence is reduced to manifest your ancestor. (-10% HP)
You are completely covered in rugged brown scales. (AC +3, +7% HP)
You have supernaturally acute eyesight. (SInv)
Armour fits poorly on your strangely shaped body.
You can roll at nearby foes to attack.
You have a long armoured tail.
You curl defensively after being hit. (AC +7*)


Message History

The orc warrior is severely wounded.
The yak gores you!
The orc warrior hits you but does no damage.
You barely miss the orc warrior.
The orc warrior is severely wounded.
The yak gores you.
The orc warrior hits you but does no damage.
You barely miss the orc warrior.
The orc warrior is severely wounded.
The yak gores you but does no damage.
You closely miss the orc warrior.
The orc warrior is severely wounded.
The orc warrior hits you but does no damage.
You block the yak's attack.
You hit the orc warrior but do no damage.
The orc warrior is severely wounded.
The orc warrior hits you but does no damage.
The yak gores you but does no damage.
You hit the orc warrior but do no damage.
The orc warrior is severely wounded.
The orc warrior barely misses you.
You barely miss the orc warrior.
The orc warrior is severely wounded.
The yak closely misses you.
The orc warrior hits you with a +0 hand axe.
You closely miss the orc warrior.
The orc warrior is severely wounded.
The yak closely misses you.
The orc warrior hits you with a +0 hand axe!
You hit the orc warrior.
The orc warrior is severely wounded.
The yak gores you!
* * * LOW HITPOINT WARNING * * *
The orc warrior hits you with a +0 hand axe!
* * * LOW HITPOINT WARNING * * *
You closely miss the orc warrior.
The orc warrior is severely wounded.
The yak barely misses you.
The orc warrior hits you with a +0 hand axe!
You die...

#.....#...##########....
#.........'...... #....
#.........#.(.... #....
#....#....#...... #...#
#....#....####### #...#
#....#.......... #...#
#............... #...#
#.....>......... #...#
#......@o....... #...#
#..####Y......# #####
#..# #.......# #..#
#.......# #.. #.......#
#. ...........
.............
...Y......#####
..Y........


You could see a yak and an orc warrior.

Vanquished Creatures
  A manticore (D:8)
  A wraith (Ossuary)
  8 yaks
  A steam dragon (D:8)
  An acid dragon (D:9)
  4 water moccasins
  2 hornet zombies
  2 ice beasts (D:7)
  3 orc warriors
  2 sky beasts
  A necrophage (D:4)
  An ogre (D:6)
  2 centaurs
  2 bullfrogs (D:7)
  A kobold brigand (D:3)
  3 scorpions
  A gnoll sergeant (D:8)
  2 wyvern zombies
  2 wyvern skeletons (D:7)
  2 water moccasin skeletons
  A howler monkey (D:9)
  3 bullfrog zombies (D:6)
  A jelly (D:6)
  4 bullfrog skeletons
  5 centaur zombies
  5 orc priests
  A gnoll shaman (D:4)
  4 hounds
  Crazy Yiuf (D:4)
  2 centaur skeletons (D:6)
  10 orc wizards
  4 killer bee zombies (D:6)
  A hound zombie (D:5)
  3 mummies (Ossuary)
  2 howler monkey zombies
  9 adders
  8 gnolls
  A howler monkey skeleton (D:6)
  An adder skeleton (D:4)
  3 worms
  5 dart slugs
  39 orcs
  7 bats
  11 endoplasms
  3 giant cockroaches
  4 goblins
  6 hobgoblins
  5 jackals
  4 quokkas
  5 ball pythons
  4 frilled lizards
  2 goblin zombies (Ossuary)
  3 hobgoblin zombies (Ossuary)
  9 kobolds
  3 kobold zombies (Ossuary)
  An orc zombie (Ossuary)
  2 quokka zombies (D:4)
  A rat (D:2)
225 creatures vanquished.

Vanquished Creatures (collateral kills)
  A sky beast (D:7)
  2 acid dragons (D:9)
  A centaur (D:9)
  A kobold brigand (D:9)
  A centaur zombie (D:6)
  2 centaur skeletons
  An orc wizard (D:9)
  10 orcs
19 creatures vanquished.

Vanquished Creatures (others)
  A battlemage (D:9)
  An adder skeleton (D:5)
  2 orcs (D:5)
  2 fungi (D:4)
  3 withered plants (D:6)
9 creatures vanquished.

Grand Total: 253 creatures vanquished

Notes
Turn   | Place    | Note
-------+----------+-------------------------------------------
     0 | D:1      | Kenran the Palentonga Monk began the quest for the Orb.
     0 | D:1      | Reached XP level 1. HP: 19/19 MP: 1/1
   516 | D:1      | Reached XP level 2. HP: 25/25 MP: 2/2
  1049 | D:2      | Reached skill level 4 in Unarmed Combat
  1437 | D:2      | Found a faded altar of an unknown god.
  1576 | D:2      | Reached XP level 3. HP: 23/31 MP: 3/3
  2266 | D:2      | Reached XP level 4. HP: 10/37 MP: 4/4
  2530 | D:2      | Reached skill level 5 in Unarmed Combat
  2800 | D:3      | Noticed an ice beast
  2880 | D:3      | Found a faded altar of an unknown god.
  2883 | D:3      | Found a shadowy altar of Dithmenos.
  3563 | D:3      | Reached XP level 5. HP: 39/44 MP: 5/5
  4002 | D:3      | Reached skill level 1 in Armour
  4476 | D:4      | Found a sand-covered staircase.
  4493 | Ossuary  | Entered an ossuary
  4493 | Ossuary  | Noticed a wraith
  4493 | Ossuary  | Noticed a wraith
  4493 | Ossuary  | Noticed a wraith
  4979 | Ossuary  | Noticed a wraith
  4996 | Ossuary  | Killed a wraith
  4997 | Ossuary  | Reached skill level 6 in Unarmed Combat
  4997 | Ossuary  | Reached XP level 6. HP: 23/51 MP: 6/6
  5318 | D:4      | Reached skill level 7 in Unarmed Combat
  5318 | D:4      | Gained mutation: You curl defensively after being hit. (AC
                  | +7*) [Palentonga growth]
  5318 | D:4      | Reached XP level 7. HP: 14/57 MP: 7/7
  6326 | D:4      | Found a runed translucent door.
  6327 | D:4      | Noticed Crazy Yiuf
  6396 | D:4      | Reached skill level 5 in Fighting
  6468 | D:4      | Reached skill level 8 in Unarmed Combat
  6830 | D:4      | Killed Crazy Yiuf
  6886 | D:5      | Entered Level 5 of the Dungeon
  6898 | D:5      | Reached XP level 8. HP: 39/66 MP: 8/8
  7043 | D:5      | Found an ornate altar of the Wu Jian Council.
  7856 | D:5      | Found a stormy altar of Qazlal.
  7858 | D:5      | Found a shimmering altar of Xom.
  7955 | D:5      | Found a radiant altar of Vehumet.
  8202 | D:6      | Reached skill level 9 in Unarmed Combat
  8313 | D:6      | Found a staircase to the Ecumenical Temple.
  8318 | Temple   | Entered the Ecumenical Temple
  8413 | Temple   | Became a worshipper of Hepliaklqana the Forgotten
  8413 | Temple   | Reached * piety under Hepliaklqana
  8413 | Temple   | Reached ** piety under Hepliaklqana
  8466 | D:6      | Found a broken altar of Ashenzari.
  8746 | D:6      | Reached XP level 9. HP: 45/68 MP: 9/9
  8894 | D:6      | Reached skill level 1 in Invocations
  9320 | D:6      | Reached skill level 10 in Unarmed Combat
  9400 | D:6      | Found an ancient bone altar of Kikubaaqudgha.
  9659 | D:7      | Reached skill level 5 in Armour
  9998 | D:7      | Found a burning altar of Makhleb.
 10000 | D:7      | Found a glowing silver altar of Zin.
 10000 | D:7      | Noticed an angel
 10000 | D:7      | Noticed a balrug
 10741 | D:8      | Noticed a manticore
 10749 | D:8      | Killed a manticore
 10750 | D:8      | Reached XP level 10. HP: 43/76 MP: 13/13
 10992 | D:8      | Reached skill level 11 in Unarmed Combat
 11100 | D:8      | Identified the +8 spear "Qoawu" {vorpal, SInv}
 11153 | D:8      | Reached skill level 5 in Invocations
 11229 | D:8      | Reached skill level 1 in Shields
 11518 | D:8      | Reached *** piety under Hepliaklqana
 11989 | D:8      | Remembered your ancestor Centenhua as a battlemage
 12021 | D:9      | Found a white marble altar of Elyvilon.
 12087 | D:9      | Found a staircase to the Orcish Mines.
 12269 | D:9      | Found a blossoming altar of Fedhas.
 12597 | D:9      | Reached skill level 5 in Shields
 12991 | D:9      | Slain by an orc warrior

Illustrated notes

Levels and vault maps discovered:
D:1:      lightli_arrival_isolated_outpost, layout_basic,
          minmay_misc_feat_four_crosses
D:2:      minmay_chambers_of_twos, layout_loops_ring,
          nicolae_ecumenical_lake_church
D:3:      minmay_razor_zed, layout_basic, nicolae_overflow_ecumenical_swirl
D:4:      layout_rooms, enter_ossuary_4, cheibrodos_gnoll_hut,
          uniq_crazy_yiuf_cottage
D:5:      layout_basic, kennysheep_mini, fiery_altar_vehumet,
          nicolae_overflow_hidden_temple, serial_glass, glass_columns_a,
          glass_columns_b
D:6:      layout_loops_ring, ashenzari_conservatory_becter,
          kiku_gazebo_pond_becter, minmay_temple_entry_proselytizer,
          serial_undead, serial_undead_a, serial_undead_e, serial_undead_b,
          serial_undead_d, serial_undead_c, serial_undead_f,
          minmay_manual_mandibuliform
D:7:      layout_basic, grunt_temple_overflow_order_and_chaos_2
D:8:      layout_loops_corners
D:9:      layout_stronghold, lemuel_crystal_altar, marbit_many_paths,
          chequers_temple_overflow_statue_of_worship, hiddenorc2_lemuel,
          grunt_decor_one_mirror
Temple:   jpeg_temple_island

Skill      XL: |  1  2  3  4  5  6  7  8  9 10 |
---------------+-------------------------------+-----
Unarmed Combat | 4 5 6 7 8 9 10 11 | 11.3
Fighting       | 4 5 6 7 8 |  8.4
Armour         | 2 4 5 |  5.9
Invocations    | 4 5 |  5.0
Shields        | 5 |  5.0
Dodging        | |  2.4
Stealth        | |  1.2

Action                   |  1- 3 |  4- 6 |  7- 9 | 10-12 || total
-------------------------+-------+-------+-------+-------++-------
Melee: Unarmed           |   166 |   164 |   406 |   174 ||   910
       Tailslap          |    16 |    28 |    77 |    28 ||   149
       Punch             |     2 |     7 |    27 |       ||    36
Invok: Ancestor Life: Ba |       |       |       |     1 ||     1
  Use: Potion            |       |     2 |     5 |       ||     7
       Scroll            |       |     1 |    10 |     2 ||    13
 Stab: Sleeping          |     1 |       |       |       ||     1
       Invisible         |       |       |     1 |       ||     1
       Distracted        |       |       |       |     1 ||     1
Armor: Robe              |    28 |       |       |       ||    28
       Scale mail        |    45 |    58 |   213 |    18 ||   334
       Plate armour      |       |       |       |    51 ||    51
Dodge: Dodged            |    86 |    40 |   160 |    54 ||   340
Block: Buckler           |       |       |     5 |    24 ||    29
